 Dungeon Sprint DCSS version 0.20-a0-1058-g0491fde (webtiles) character file.

8732 potatolord5000 the Warrior (level 11, 0/189 HPs)
             Began as a Hill Orc Fighter on Apr 26, 2017.
             Was the Champion of Beogh.
             Slain by a troll (1 damage)
             ... in the Dungeon (Sprint V: "Ziggurat Sprint").
             The game lasted 00:12:31 (662 turns).

potatolord5000 the Warrior (Hill Orc Fighter)        Turns: 662, Time: 00:12:32

Health: 0/189      AC: 31    Str: 40    XL:     11   Next: 35%
Magic:  14/14      EV: 14    Int:  8    God:    Beogh [******]
Gold:   0          SH:  0    Dex: 15    Spells: 10/10 levels left

rFire    + . .     SeeInvis .   a - +10 dark maul {crush}
rCold    + . .     Gourm    .   (shield currently unavailable)
rNeg     . . .     Faith    .   b - +15 Maxwell's patent armour {-Cast -Tele rElec MR+ rCorr}
rPois    +         Spirit   .   (no helmet)
rElec    +         Reflect  .   (no cloak)
rCorr    +         Harm     .   (no gloves)
MR       +....     NoTele   +   (no boots) Stlth ..........NoCast +
                                (no amulet)
Regen    0.5/turn               o - +6 ring of strength
MPRegen  0.2/turn               p - +6 ring of strength

@: mighty, agile, berserking, resistant, hasted, very quick
A: walk on water
a: Smiting, Recall Orcish Followers, Give Item to Named Follower, Resurrection,
Renounce Religion


You were in the Dungeon.
You worshipped Beogh.
Beogh was exalted by your worship.
You were not hungry.

You visited 1 branch

Inventory:

Hand Weapons
 a - the +10 dark maul (weapon) {crush}
   (You found it in the Dungeon)

   It inflicts extra damage upon your enemies.
Armour
 b - the +15 Maxwell's patent armour (worn) {-Cast -Tele rElec MR+ rCorr}
   (You found it in the Dungeon)

   It insulates you from electricity.
   It affects your resistance to hostile enchantments.
   It prevents spellcasting.
   It prevents most forms of teleportation.
   It protects you from acid and corrosion.
 n - a +2 shield of protection
 s - a +2 troll leather armour
Jewellery
 o - a +6 ring of strength (left hand)
 p - a +6 ring of strength (right hand)
Scrolls
 k - 4 scrolls of blinking
 m - a scroll of brand weapon
 q - a scroll of recharging
 t - 5 scrolls of remove curse
Potions
 d - 3 potions of might
 e - 8 potions of curing
 g - 8 potions of heal wounds
 h - 6 potions of haste
 i - 7 potions of magic
 j - a potion of berserk rage
 v - 2 potions of brilliance
 w - 2 potions of invisibility
 x - 3 potions of resistance
 A - 2 potions of agility
Comestibles
 c - 42 fruits
 f - 5 bread rations
 l - 4 meat rations
 r - 3 royal jellies


   Skills:
 * Level 20.7 Fighting
 + Level 14.4 Maces & Flails
 + Level 14.5 Armour
 - Level 5.7 Shields
 - Level 4.8 Invocations


You had 10 spell levels left.
You didn't know any spells.

Dungeon Overview and Level Annotations

Branches:
Dungeon (1/1)

Altars:
Ashenzari
Cheibriados
Dithmenos
Elyvilon
Fedhas
Gozag
Hepliaklqana
Kikubaaqudgha
Makhleb
Nemelex Xobeh
Okawaru
Qazlal
Ru
Sif Muna
Trog
Uskayaw
Vehumet
Wu Jian
Xom
Yredelemnul
Zin
The Shining One
Beogh
Jiyva
Lugonu


Message History

Your Fighting skill increases to level 20!
Your Maces & Flails skill increases to level 14!
Your Armour skill increases to level 14!
You have reached level 11!
The troll misses you.
The troll claws you but does no damage. x2
The stone giant hits you but does no damage.
The stone giant hits you!
* * * LOW HITPOINT WARNING * * *
The fire giant hits you but does no damage.
The stone giant closely misses you. The troll misses you.
The troll barely misses you. The troll claws you but does no damage.
You crush the fire giant like a grape!!!!
You kill the fire giant!
Beogh accepts your kill. The stone giant hits you!!
* * * LOW HITPOINT WARNING * * *
The troll completely misses you. The troll misses you.
The troll closely misses you. The stone giant completely misses you.
The troll bites you but does no damage. The troll claws you.
You die...

▓...8©8...▓
▓..})[|)..▓..:|o["..▓
▓..)}:::..▓...||)}..▓
▓.........▓.........▓
▓.........▓.........▓
▓.........▓...))....▓
▓....C....▓....†)...▓
▓...TCT...▓.▓.....▓.▓
▓.▓.)@C.▓.▓.........▓
▓...C(C...▓▓▓▓▓▓▓▓▓▓▓
▓▓▓▓▓▓▓▓▓▓▓


You could see 3 stone giants, 2 cyclopes and 2 trolls.

Vanquished Creatures
  3 fire giants (D)
  A naga mage (D)
  2 black mambas (D)
  2 yaktaurs (D)
  5 merfolk (D)
  2 slime creatures (D)
  A hippogriff (D)
  A yak (D)
  A golden eye (D)
  2 nagas (D)
  A hell hound (D)
  2 water moccasins (D)
  4 porcupines (D)
  An orc warrior (D)
  A centaur (D)
  A quasit (D)
  A jelly (D)
  2 orc priests (D)
  2 orc wizards (D)
  An iguana (D)
  2 adders (D)
  A river rat (D)
  An ufetubus (D)
  2 orcs (D)
  A bat skeleton (D)
43 creatures vanquished.

Vanquished Creatures (collateral kills)
  A naga mage (D)
  A hippogriff (D)
  A basilisk (D)
  A bullfrog (D)
  An adder (D)
  A river rat (D)
  4 ball pythons (D)
10 creatures vanquished.

Vanquished Creatures (others)
  An orc priest (D)
  2 orc warriors (D)
  An orc (D)
4 creatures vanquished.

Grand Total: 57 creatures vanquished

Notes
Turn   | Place    | Note
-------+----------+-------------------------------------------
     0 | D        | potatolord5000 the Hill Orc Fighter began the quest for the Orb.
     0 | D        | Reached XP level 1. HP: 19/19 MP: 1/1
    13 | D        | Found a blossoming altar of Fedhas.
    14 | D        | Found a viscous altar of Jiyva.
    14 | D        | Found an ancient bone altar of Kikubaaqudgha.
    14 | D        | Found a hazy altar of Hepliaklqana.
    14 | D        | Found a corrupted altar of Lugonu.
    14 | D        | Found an opulent altar of Gozag.
    14 | D        | Found a burning altar of Makhleb.
    18 | D        | Found a stormy altar of Qazlal.
    18 | D        | Found an iron altar of Okawaru.
    18 | D        | Found a sacrificial altar of Ru.
    18 | D        | Found a sparkling altar of Nemelex Xobeh.
    18 | D        | Found a deep blue altar of Sif Muna.
    18 | D        | Found a bloodstained altar of Trog.
    68 | D        | Became a worshipper of Beogh the Brigand
    91 | D        | Reached skill level 7 in Fighting
    91 | D        | Reached skill level 5 in Armour
    91 | D        | Reached XP level 2. HP: 34/34 MP: 2/2
    92 | D        | Entered arena 2.
    92 | D        | Noticed a yak
    95 | D        | Killed a yak
    95 | D        | Reached skill level 10 in Fighting
    95 | D        | Reached XP level 3. HP: 43/45 MP: 3/3
    95 | D        | Reached XP level 4. HP: 49/51 MP: 4/4
    95 | D        | Reached XP level 5. HP: 56/58 MP: 5/5
   110 | D        | Entered arena 3.
   110 | D        | Noticed a yaktaur
   110 | D        | Noticed a yaktaur
   110 | D        | Noticed a centaur
   117 | D        | Killed a yaktaur
   117 | D        | Reached * piety under Beogh
   117 | D        | Reached skill level 12 in Fighting
   117 | D        | Reached XP level 6. HP: 67/71 MP: 6/6
   120 | D        | Killed a yaktaur
   120 | D        | Reached skill level 13 in Fighting
   120 | D        | Reached XP level 7. HP: 77/80 MP: 7/7
   121 | D        | Reached skill level 14 in Fighting
   128 | D        | Got the ring of Xawkaf {MR+ Int+5 Dex+2 Stlth-}
   132 | D        | Entered arena 4.
   132 | D        | Noticed a slime creature
   132 | D        | Noticed a slime creature
   132 | D        | Noticed a golden eye
   142 | D        | Reached ** piety under Beogh
   155 | D        | Killed a golden eye
   155 | D        | Reached skill level 10 in Armour
   155 | D        | Reached XP level 8. HP: 58/90 MP: 8/8
   157 | D        | Killed a slime creature
   157 | D        | Reached skill level 10 in Maces & Flails
   158 | D        | Killed a slime creature
   158 | D        | Reached skill level 15 in Fighting
   170 | D        | Entered arena 5.
   172 | D        | Reached *** piety under Beogh
   173 | D        | Reached skill level 1 in Invocations
   186 | D        | Entered arena 6.
   190 | D        | Reached **** piety under Beogh
   218 | D        | Entered arena 7.
   222 | D        | Reached ***** piety under Beogh
   231 | D        | Got the cursed ring of Temperance {*Drain Str+3 Int+3 Slay-2}
   235 | D        | Entered arena 8.
   235 | D        | Noticed a naga mage
   244 | D        | Killed a naga mage
   244 | D        | Reached skill level 16 in Fighting
   244 | D        | Reached XP level 9. HP: 88/100 MP: 10/12
   312 | D        | Entered arena 9.
   312 | D        | Noticed a merfolk
   312 | D        | Noticed a merfolk
   312 | D        | Noticed a merfolk
   312 | D        | Noticed a merfolk
   312 | D        | Noticed a merfolk
   318 | D        | Killed a merfolk
   318 | D        | Reached ****** piety under Beogh
   320 | D        | Reached skill level 17 in Fighting
   321 | D        | Killed a merfolk
   322 | D        | Killed a merfolk
   324 | D        | Killed a merfolk
   329 | D        | Killed a merfolk
   348 | D        | Entered arena 10.
   355 | D        | Reached XP level 10. HP: 64/112 MP: 13/13
   358 | D        | Reached skill level 18 in Fighting
   527 | D        | Entered arena 11.
   527 | D        | Noticed a naga mage
   527 | D        | Noticed a black mamba
   527 | D        | Noticed a black mamba
   531 | D        | Killed a black mamba
   534 | D        | Reached skill level 5 in Shields
   536 | D        | Killed a naga mage
   540 | D        | Killed a black mamba
   651 | D        | Entered arena 12.
   651 | D        | Noticed a stone giant
   651 | D        | Noticed a fire giant
   651 | D        | Noticed a fire giant
   651 | D        | Noticed a fire giant
   652 | D        | Noticed a stone giant
   652 | D        | Noticed a cyclops
   652 | D        | Noticed a stone giant
   652 | D        | Noticed a cyclops
   660 | D        | Killed a fire giant
   660 | D        | Reached skill level 19 in Fighting
   661 | D        | Killed a fire giant
   661 | D        | Reached skill level 20 in Fighting
   661 | D        | Reached XP level 11. HP: 33/124 MP: 14/14
   662 | D        | Killed a fire giant
   662 | D        | HP: 1/189 [stone giant (21)]
   662 | D        | Slain by a troll

Vault maps used:
D:        sprint_v

Skill      XL: |  1  2  3  4  5  6  7  8  9 10 |
---------------+-------------------------------+-----
Fighting       | 7 10 12 13 14 16 17 20 | 20.7
Maces & Flails | 4 6 8 9 11 12 14 | 14.4
Armour         | 5 7 8 9 10 11 12 14 | 14.5
Invocations    | 4 |  4.8
Shields        | 5 |  5.7

Action                   |  1- 3 |  4- 6 |  7- 9 | 10-12 || total
-------------------------+-------+-------+-------+-------++-------
Melee: Maul              |     2 |     6 |    40 |    20 ||    68
  Use: Potion            |     1 |     3 |     7 |     7 ||    18
 Stab: Distracted        |       |       |     1 |       ||     1
Armor: Plate armour      |     4 |    14 |    75 |    58 ||   151
Dodge: Dodged            |     1 |     9 |    46 |    41 ||    97
